Map: Ghost River LE

Players

trigger

  • Race: Protoss Protoss
  • League: Grandmaster
  • Spawn Location: 11:00

LiquidElazer (Elazer) - Winner!

  • Race: Zerg Zerg
  • Spawn Location: 1:00

Event: HomeStory Cup XXV

VOD

Have the link to the VOD?

Description

Time

  • Played on: June 22, 2024, 2:18 p.m.
  • Length: 5:43

All games in this series

Show
View Real Time Build Order
Export as new Build Order

trigger Protoss 

Build Orders: 1 Gate Expand 

Get SALT Encoding   

  12  0:00  Probe  
  13  0:12  Probe  
  14  0:18  Pylon  
  14  0:24  Probe  
  15  0:29  Assimilator  
  15  0:36  Probe (Chrono Boost)  
  16  0:43  Gateway  
  16  0:46  Probe (Chrono Boost)  
  17  0:52  Probe  
  19  1:04  Probe  
  19  1:16  Probe  
  20  1:23  Nexus  
  20  1:34  Cybernetics Core  
  20  1:37  Probe  
  21  1:44  Pylon  
  21  1:49  Probe  
  23  2:01  Probe (Chrono Boost)  
  23  2:07  Stalker (Chrono Boost)  
  23  2:12  Probe (Chrono Boost)  
  23  2:13  Robotics Facility  
  26  2:17  Probe (Chrono Boost)  
  26  2:19  Warp Gate  
  27  2:27  Probe  
  28  2:37  Probe (Chrono Boost)  
  29  2:42  Gateway  
  30  2:47  Probe (Chrono Boost)  
  30  2:49  Probe (Chrono Boost)  
  31  2:56  Probe (Chrono Boost)  
  31  2:57  Probe (Chrono Boost)  
  31  2:58  Immortal (Chrono Boost)  
  33  2:59  Gateway  
  33  3:04  Probe  
  38  3:12  Pylon  
  38  3:25  Gateway  
  38  3:26  Immortal (Chrono Boost)  
  38  3:27  Gateway  
  42  3:39  Gateway x2  
  42  3:47  Gateway  
  42  3:50  Pylon  
  42  3:58  Warp Prism (Chrono Boost)  
  44  4:07  Zealot x3  
  50  4:10  Pylon  
  50  4:22  Zealot x2  
  54  4:34  Pylon  
  54  4:36  Zealot  
  56  4:44  Zealot x2  
  59  4:49  Zealot x5  
  69  4:55  Pylon  
  63  5:11  Zealot x7  
  59  5:14  Zealot  
Show
View Real Time Build Order
Export as new Build Order

LiquidElazer Zerg - Winner!

Build Orders: Hatch First 

Get SALT Encoding   

  12  0:00  Drone  
  13  0:12  Overlord  
  13  0:17  Drone  
  14  0:30  Drone x2  
  16  0:49  Hatchery  
  15  0:52  Drone  
  15  0:55  Drone  
  17  0:58  Drone  
  18  1:09  Extractor  
  17  1:13  Spawning Pool  
  17  1:17  Drone  
  17  1:20  Drone  
  18  1:28  Drone  
  19  1:38  Drone  
  20  1:49  Drone  
  21  2:00  Queen  
  21  2:01  Zergling x2, Queen  
  25  2:03  Overlord  
  26  2:10  Drone  
  26  2:12  Drone  
  28  2:20  Metabolic Boost  
  28  2:21  Drone  
  29  2:23  Drone  
  30  2:34  Hatchery  
  29  2:39  Queen  
  29  2:42  Drone  
  32  2:44  Drone  
  32  2:48  Overlord  
  33  2:57  Queen  
  35  2:58  Drone  
  35  3:01  Overlord  
  36  3:08  Drone x3  
  36  3:10  Drone  
  40  3:14  Drone x2  
  40  3:19  Queen  
  44  3:26  Overlord  
  44  3:29  Drone x3  
  44  3:31  Spore Crawler  
  46  3:39  Drone x5  
  51  3:42  Drone  
  51  3:45  Overlord  
  51  3:48  Zergling x4  
  53  3:55  Roach Warren  
  52  3:59  Queen  
  52  4:00  Zergling x4  
  52  4:02  Zergling x2  
  57  4:05  Zergling x4  
  57  4:09  Zergling x2  
  60  4:10  Zergling x6  
  60  4:14  Spore Crawler  
  60  4:15  Zergling x4  
  64  4:17  Zergling x4  
  64  4:21  Zergling x2  
  64  4:23  Zergling x2  
  68  4:28  Overlord  
  68  4:29  Zergling x2  
  69  4:37  Roach x2  
  73  4:41  Overlord  
  73  4:43  Spine Crawler  
  72  4:46  Spine Crawler, Roach  
  72  4:48  Zergling x10  
  78  4:59  Zergling x2  
  77  5:00  Zergling x8  
  77  5:06  Zergling x14  
  81  5:13  Zergling x2  
  81  5:14  Zergling x6  
  81  5:18  Ravager x2  
  78  5:23  Roach x2  
Tags
 
Add a new tag
Caveats
  • Supply blocks, unpowered buildings, or Contaminate may cause inaccurate times.
  • Supply counts are checked every 10 seconds.